 Dungeon Crawl Stone Soup version 0.30.0-20-g3615ddf2f0 (webtiles) character file.

Game seed: 1522016810204765762

13 qw the Shield-Bearer (level 2, -2/19 HPs)
             Began as a Gargoyle Fighter on May 27, 2023.
             Slain by Sigmund
             ... wielding a +0 scythe
              (5 damage)
             ... on level 2 of the Dungeon.
             The game lasted 00:00:20 (983 turns).

qw the Shield-Bearer (Gargoyle Fighter)              Turns: 983, Time: 00:00:20

Health: -2/19      AC:  9    Str: 19    XL:     2   Next: 37%
Magic:  2/2        EV:  9    Int:  8    God:
Gold:   32         SH:  0    Dex:  9    Spells: 1/1 levels left

rFire   . . .        Y - +0 war axe
rCold   . . .        c - +0 buckler
rNeg    + . .        b - +0 scale mail
rPois   inf          (no helmet)
rElec   +            (no cloak)
rCorr   .            (no gloves)
SInv    .            (no boots)
Will    .....        (no amulet) Stlth
                     (no ring)
HPRegen 0.23/turn    (no ring)
MPRegen 0.08/turn

%: no passive effects
@: confused
A: sickness immunity, AC +2, negative energy resistance 1, electricity
resistance, torment resistance 1, petrification resistance
a: no special abilities


You were on level 2 of the Dungeon.
You visited 1 branch of the dungeon, and saw 2 of its levels.

You collected 32 gold pieces.


Innate Abilities, Weirdness & Mutations

You are immune to sickness and miasma.
Your stone body is resilient. (AC +2)
You are immune to poison.
You resist negative energy. (rN+)
You are resistant to electric shocks. (rElec)
You are resistant to unholy torment.
You are immune to petrification.


   Skills:
 - Level 3.2 Fighting
 + Level 2.7 Axes
 - Level 3.2 Armour
 - Level 3.2 Shields


You had one spell level left.
You didn't know any spells.
Your spell library was empty.

Inventory:

Hand Weapons
 g - a +0 club
 Y - a +0 war axe (weapon)
Armour
 b - a +0 scale mail (worn)
 c - a +0 buckler (worn)
Scrolls
 a - a scroll of noise {unknown}
 f - a scroll of fog {unknown}
 l - a scroll of identify
Potions
 d - 2 potions of might
 e - 3 potions of flight {unknown}
 h - a potion of resistance
 i - a potion of curing {unknown}
 j - a potion of invisibility {unknown}
 k - a potion of attraction {unknown}
 m - 2 potions of berserk rage {unknown}

Dungeon Overview and Level Annotations

Branches:
Dungeon (2/15)

Altars:

Annotations:
D:2 Sigmund


Message History

Found 3 poisoned darts.
Enter note:
Enter note:
Found 7 stones.
Enter note:
Enter note: Sigmund the Dreaded comes into view.
He is wielding a +0 scythe.
Enter note:
Enter note:
972 ||| Stepping ~*~*~tactically~*~*~ (hiding).
973 ||| Stepping ~*~*~tactically~*~*~ (hiding).
Enter note:
Enter note: Sigmund casts a spell at you.
The puff of flame hits you.
Enter note:
Enter note: Sigmund casts a spell at you.
The puff of flame misses you.
Enter note:
Enter note: You slash Sigmund!
Sigmund is moderately wounded.
Sigmund hits you with a +0 scythe.
You closely miss Sigmund.
Sigmund is moderately wounded.
Sigmund barely misses you.
You barely miss Sigmund.
Sigmund is moderately wounded.
Sigmund barely misses you.
You barely miss Sigmund.
Sigmund is moderately wounded.
Sigmund hits you but does no damage.
You hit Sigmund but do no damage.
Sigmund is moderately wounded.
Sigmund casts a spell at you.
You are confused.
Sigmund hits you with a +0 scythe! Sigmund hits you with a +0 scythe.
You die...

...###..### #.# #. # #..
#..# #.# #. #.#.. #..#
##.# #. #.#..###..# #..#
#. .........#####.#####.
# #.. #.....).........
###.#..##(.##...........
...[..(....##.###.####..
#.$.@@......# #.# ##.
###..##.#######.## #.
........# ####...####.
####..#### #.(.........
#.. #.##.......# #..
#.###....... #..
........... ...
.##........ ......>..(.


You could see Sigmund.

Vanquished Creatures
  2 endoplasms (D:1)
  A hobgoblin (D:1)
  A quokka (D:1)
  4 bats
  A frilled lizard (D:1)
  2 kobolds
  2 rats (D:1)
13 creatures vanquished.

Notes
Turn   | Place    | Note
-------+----------+-------------------------------------------
     0 | D:1      | qw the Gargoyle Fighter began the quest for the Orb.
     0 | D:1      | Reached XP level 1. HP: 14/14 MP: 1/1
     0 | D:1      | 0 ||| qw: Version: 0.2-a-100-g3d2c45e
     0 | D:1      | 0 ||| qw: Game counter: 193
     0 | D:1      | 0 ||| qw: Always use a shield: true
     0 | D:1      | 0 ||| qw: God list: Okawaru
     0 | D:1      | 0 ||| qw: Allow faded altars: false
     0 | D:1      | 0 ||| qw: Do Orc after D:15 true
     0 | D:1      | 0 ||| qw: Do second Lair branch before Depths: true
     0 | D:1      | 0 ||| qw: Lair rune preference: random
     0 | D:1      | 0 ||| qw: Plans: Normal, Zot:1-4, God:TSO, Crypt, Tomb,
                  | Pan, Slime:5, Hells, Abyss, Win
     0 | D:1      | 0 ||| PLANNING D:1-11
    40 | D:1      | 40 ||| Stepping ~*~*~tactically~*~*~ (hiding).
   473 | D:1      | Reached XP level 2. HP: 19/19 MP: 2/2
   786 | D:1      | 786 ||| DROPPING ring of magical power.
   787 | D:1      | 787 ||| READING 2 scrolls labelled IDOBBORAIMP.
   788 | D:1      | 788 ||| READING 3 scrolls labelled SOJUVUB RECWURCH.
   789 | D:1      | 789 ||| READING 2 scrolls of identify.
   789 | D:1      | 789 ||| IDENTIFYING amethyst potion
   790 | D:1      | 790 ||| DROPPING scroll of amnesia.
   971 | D:2      | Noticed Sigmund
   972 | D:2      | 972 ||| Stepping ~*~*~tactically~*~*~ (hiding).
   973 | D:2      | 973 ||| Stepping ~*~*~tactically~*~*~ (hiding).
   981 | D:2      | HP: 2/19 [Sigmund/+0 scythe (9)]
   983 | D:2      | Slain by Sigmund

Levels and vault maps discovered:
D:1:      erik_arrival_blinker_ship, layout_basic
D:2:      layout_loops_ring, uniq_robin, uniq_sigmund

Skill      XL: |  1 |
---------------+----+-----
Axes           | 2 |  2.7
Fighting       | |  3.2
Armour         | |  3.2
Shields        | |  3.2

Action                     || total
---------------------------++-------
  Melee: War axe           ||    40
    Use: Scroll            ||     3
 Armour: Scale mail        ||    21
  Dodge: Dodged            ||    18
  Block: Buckler           ||     5

Table legend:
 A = Non-vault XP
 B = Vault XP
 C = Vault XP percentage of total XP
 D = Non-vault monster count
 E = Vault monster count
 F = Vault count percentage of total count
                 A         B        C        D         E       F
            +---------+---------+-------+---------+---------+-------
      Total |      19 |       0 |   0.0 |      13 |       0 |   0.0
            +---------+---------+-------+---------+---------+-------
        D:1 |      14 |       0 |   0.0 |      10 |       0 |   0.0
        D:2 |       5 |       0 |   0.0 |       3 |       0 |   0.0
            +---------+---------+-------+---------+---------+-------
